 Dungeon Crawl Stone Soup version 0.28-a0-984-g3775c662fe (webtiles) character file.

Game seed: 17406676654646251865

26 enile the Insei (level 3, -5/24 HPs)
             Began as an Octopode Transmuter on Dec 3, 2021.
             Was a Follower of the Shining One.
             Slain by Sigmund (12 damage)
             ... on level 2 of the Dungeon.
             The game lasted 00:04:37 (1529 turns).

enile the Insei (Octopode Transmuter)               Turns: 1529, Time: 00:04:38

Health: -5/24      AC:  1    Str: 11    XL:     3   Next: 8%
Magic:  6/6        EV: 13    Int: 15    God:    the Shining One [*.....]
Gold:   18         SH:  0    Dex: 12    Spells: 5/6 levels left

rFire   . . .      SeeInvis .   d - +0 rapier
rCold   . . .      Faith    .   (no shield)
rNeg    . . .      Spirit   .   (helmet currently unavailable)
rPois   .          Reflect  .   (no amulet)
rElec   .          Harm     .   (no ring)
rCorr   .          Rampage  .   (no ring)
Will    .....                   (no ring)
Stlth   ++........              (no ring)
HPRegen 0.08/turn               (no ring)
MPRegen 0.10/turn               (no ring)
                                (no ring)
                                (no ring)

@: appendages (expiring), glowing
A: tentacle spike 3, almost no armour, amphibious, 8 rings, camouflage 1,
gelatinous body 1, (nimble swimmer 1), tentacles
a: End Transformation, Renounce Religion, Divine Shield


You were on level 2 of the Dungeon.
You worshipped the Shining One.
The Shining One was aware of your devotion.
One of your tentacles had grown a beastly spike.
You visited 1 branch of the dungeon, and saw 2 of its levels.

You collected 18 gold pieces.

Inventory:

Hand Weapons
 d - a +0 rapier (weapon)
Scrolls
 a - 3 scrolls of identify {unknown}
 c - a scroll of fog {unknown}
Potions
 b - 2 potions of curing {unknown}


   Skills:
 - Level 2.0 Fighting
 - Level 2.0 Dodging
 + Level 2.8 Stealth
 - Level 3.0 Unarmed Combat
 - Level 2.0 Spellcasting
 - Level 2.0 Transmutations


You had 5 spell levels left.
You knew the following spells:

 Your Spells              Type           Power      Damage    Failure   Level
a - Beastly Appendage     Tmut           14%        N/A       10%         1

Your spell library contained the following spells:

 Spells                   Type           Power      Damage    Failure   Level
 Wereblood                Tmut           7%         N/A       14%         2
 Spider Form              Tmut/Pois      4%         N/A       41%         3
 Ice Form                 Ice/Tmut       4%         N/A       82%         4


Dungeon Overview and Level Annotations

Branches:
Dungeon (2/15)

Altars:
The Shining One

Shops:
D:1 **

Annotations:
D:2 Sigmund


Innate Abilities, Weirdness & Mutations

One of your tentacles has grown a beastly spike.
You cannot wear most types of armour.
You are amphibious.
You can wear up to eight rings at the same time.
Your skin changes colour to match your surroundings (Stealth+).
Your rubbery body absorbs attacks. (AC +1, EV +1)
((You are camouflaged near water. (Stealth+)))
You have tentacles for arms and can constrict up to eight enemies at once.


Message History

The ball python is heavily wounded.
You constrict the ball python.
You kill the ball python!
Sigmund zaps a wand.
You hear a grinding noise.
You have reached level 3!
Your experience leads to an increase in your attributes!
Increase (S)trength, (I)ntelligence, or (D)exterity?
You feel stronger. x2
Casting: Beastly Appendage (safe; 10% risk of failure)
Confirm with . or Enter, or press ? or * to list all spells.
One of your tentacles grows a vicious spike.
The endoplasm hits you. The jackal misses you. The endoplasm freezes you.
You are frozen.
You puncture the endoplasm!
You kill the endoplasm!
The jackal bites you but does no damage.
Sigmund zaps a wand.
You hear a grinding noise.
The jackal completely misses you.
You hit the jackal. Your grab misses the jackal.
You pierce the jackal.
Your squeeze misses the jackal.
The jackal is heavily wounded.
The jackal closely misses you. The jackal bites you.
You hit the jackal.
You kill the jackal!
Your transformation is almost over.
Sigmund points at you and mumbles some strange words.
The magic dart hits you!
* * * LOW HITPOINT WARNING * * *
You hit Sigmund. You grab Sigmund. You squeeze Sigmund, but do no damage.
Sigmund is lightly wounded.
You constrict Sigmund. Sigmund barely misses you.
You hit Sigmund.
Your tentacle spike misses Sigmund.
Sigmund is moderately wounded.
You constrict Sigmund. Sigmund hits you with a +0 scythe!
Ouch! That really hurt!
You die...

#..........#
#..........###
#.......[....###
#..........#...######
##..........###....†.#
............<........#
.######.#######......#
#†.# ########
..#####@## #......@.#
#..#..#..#
..#....######## ## .
...#......##
#..#..........## #
.............# #
##............# #.
#...........#


You could see Sigmund.

Vanquished Creatures
  A worm (D:2)
  4 ball pythons
  2 bats
  2 endoplasms
  A goblin (D:1)
  A hobgoblin (D:1)
  5 jackals
  3 kobolds (D:1)
19 creatures vanquished.

Vanquished Creatures (others)
  2 plants (D:1)
2 creatures vanquished.

Grand Total: 21 creatures vanquished

Notes
Turn   | Place    | Note
-------+----------+-------------------------------------------
     0 | D:1      | enile the Octopode Transmuter began the quest for the Orb.
     0 | D:1      | Reached XP level 1. HP: 13/13 MP: 3/3
   202 | D:1      | Found Ruup Xoc's General Store.
   328 | D:1      | Found a faded altar of an unknown god.
   346 | D:1      | Reached XP level 2. HP: 12/19 MP: 0/5
   352 | D:1      | Reached skill level 1 in Stealth
   522 | D:1      | Prayed at the altar of an unknown god.
   522 | D:1      | Became a worshipper of the Shining One
   522 | D:1      | Reached * piety under the Shining One
   530 | D:1      | Found Fuag's General Store.
  1502 | D:2      | Noticed Sigmund
  1521 | D:2      | Reached XP level 3. HP: 22/24 MP: 6/6
  1529 | D:2      | Slain by Sigmund

Illustrated notes

Levels and vault maps discovered:
D:1:      dpeg_arrival_orchard, layout_basic, serial_forest,
          infiniplex_forest_clump_curved, infiniplex_forest_pool,
          infiniplex_forest_end_3, infiniplex_forest_end_3,
          infiniplex_forest_straight_3, infiniplex_forest_clump_curved,
          infiniplex_forest_straight_3, infiniplex_forest_end_1,
          hellmonk_ecumenical_altar_dog_temple, serial_shops,
          nicolae_shop_window_shopping, shop
D:2:      layout_rooms, serial_bayou_pond_b, uniq_sigmund

Skill      XL: |  1  2 |
---------------+-------+-----
Fighting       | 2 |  2.0
Stealth        | 2 |  2.8
Dodging        | |  2.0
Unarmed Combat | |  3.0
Spellcasting   | |  2.0
Transmutations | |  2.0

Action                   || total
-------------------------++-------
Melee: Unarmed           ||    30
       Constrict         ||    12
       Kick              ||     4
       Tentacles         ||     7
       Rapier            ||    17
 Cast: Beastly Appendage ||     7
 Stab: Sleeping          ||     1
Armor: Skin              ||     2
Dodge: Dodged            ||    40

Table legend: (Time is in decaauts)
 A = Elapsed time spent in this place.
 B = Non-inter-level travel time spent in this place.
 C = Inter-level travel time spent in this place.
 D = Time resting spent in this place.
 E = Time spent auto-exploring this place.
 F = Levels seen in this place.
 G = Mean time per level.
                   A        B        C        D        E       F      G
               +--------+--------+--------+--------+--------+-----+--------+
         Total |   1530 |   1494 |     36 |    416 |    916 |   2 |  765.0 |
       Dungeon |   1530 |   1494 |     36 |    416 |    916 |   2 |  765.0 |
               +--------+--------+--------+--------+--------+-----+--------+

Top non-repeatable levels by time:
     D:1: 1177 daAuts
     D:2: 352 daAuts
